AoeStats
← TORRES

Arabia

510232146Analyzed
3v3 RM · 2d ago on Sep 30, 2026· 60m 4s· 6 players
Game mode
Random Map
Map size
Normal (6 player)
Population
200
Speed
Normal
Resources
Standard
Victory
Conquest
Starting age
Dark Age
Ending age
Imperial Age
RankedLock teamsTeams togetherTeam positionsShared explorationLock speedFull tech treeHidden civsTurbo modeCheats
Victory
Defeat
🇲🇽 Saxons · Mexico
790
+11
🇺🇸 Franks · United States
666
+16
🇵🇪 Byzantines · Peru
653
+15
🇦🇷 Franks · Argentina
669
-25
666
-14
665
-14
Inspector_Choi
11:09 Feudal Age
15:35 Loom
21:36 Double-Bit Axe
26:15 Castle Age
26:46 Gold Mining
28:03 Wheelbarrow
28:40 Husbandry
31:28 Bow Saw
33:09 Scale Barding Armor
34:29 Forging
35:35 Squires
36:25 Pikeman
41:22 Chain Barding Armor
45:56 Hand Cart
46:04 Fortified Wall
48:46 Imperial Age
48:00 Stone Mining
48:31 Caravan
49:18 Cavalier
51:39 Iron Casting
51:24 Paladin
52:32 Conscription
53:40 Halberdier
54:05 Gambesons
56:11 Chivalry
57:10 Plate Barding Armor
56:54 Cranequins
60:25 Chemistry
Quetzal!
1:08 Loom
11:02 Feudal Age
11:56 Double-Bit Axe
13:01 Gold Mining
14:19 Horse Collar
15:25 Wheelbarrow
14:36 Town Watch
21:22 Castle Age
20:30 Stone Mining
20:36 Fletching
23:16 Bodkin Arrow
23:23 Pikeman
24:29 Elite Skirmisher
30:40 Padded Archer Armor
32:44 Hand Cart
32:30 Town Patrol
33:30 Bow Saw
33:29 Heavy Plow
39:08 Imperial Age
41:01 Two-Man Saw
40:33 Crop Rotation
40:52 Caravan
42:00 Bracer
42:25 Guard Tower
44:46 Masonry
45:38 Conscription
44:40 Shield Wall
46:11 Gambesons
46:27 Squires
46:13 Arson
47:05 Leather Archer Armor
47:01 Forging
46:52 Scale Mail Armor
46:18 Heavy Scorpion
47:45 Hoardings
49:05 Architecture
48:17 Treadmill Crane
49:18 Keep
49:41 Iron Casting
49:50 Gold Shaft Mining
51:32 Thumb Ring
53:21 Elite Hearth Troop
55:03 Ballistics
55:44 Chemistry
54:50 Siege Engineers
54:41 Murder Holes
54:57 Fortified Wall
55:08 Chain Mail Armor
55:24 Ring Archer Armor
56:26 Halberdier
58:49 Elite Varangian Guard
60:04 Spies/Treason
TORRES
11:45 Feudal Age
12:36 Double-Bit Axe
12:34 Horse Collar
14:24 Wheelbarrow
16:50 Gold Mining
19:16 Loom
23:25 Castle Age
22:59 Forging
22:40 Fletching
22:52 Arson
24:20 Stone Mining
25:09 Gold Shaft Mining
24:47 Bow Saw
25:01 Pikeman
25:05 Elite Skirmisher
25:51 Padded Archer Armor
28:53 Stone Shaft Mining
29:51 Hand Cart
31:25 Bodkin Arrow
32:05 Iron Casting
31:35 Heavy Plow
33:44 Squires
36:20 Imperial Age
34:32 Caravan
36:49 Leather Archer Armor
36:35 Scale Mail Armor
37:03 Scale Barding Armor
39:32 Two-Man Saw
38:22 Halberdier
41:02 Chemistry
40:22 Ballistics
42:28 Logistica
42:47 Bracer
43:03 Chain Mail Armor
46:43 Elite Cataphract
SpacyTK [BalaDeLeche]
13:51 Feudal Age
17:56 Castle Age
17:20 Double-Bit Axe
25:03 Bow Saw
25:29 Gold Mining
25:30 Stone Mining
25:33 Light Cavalry
28:35 Scale Barding Armor
28:40 Forging
30:08 Man-at-Arms
31:38 Long Swordsman
40:19 Chain Barding Armor
40:35 Iron Casting
40:41 Husbandry
44:27 Imperial Age
45:16 Fletching
46:02 Plate Barding Armor
46:28 Blast Furnace
45:59 Cavalier
48:35 Two-Handed Swordsman
51:00 Champion
52:55 Paladin
EL RABINO GOLDMAN [BalaDeLeche]
6:33 Loom
10:49 Feudal Age
12:56 Bloodlines
13:44 Double-Bit Axe
23:27 Castle Age
24:09 Crossbowman
27:54 Husbandry
39:21 Scale Barding Armor
40:29 Horse Collar
40:37 Light Cavalry
45:07 Elite Skirmisher
el_viola_perros [BalaDeLeche]
1:05 Loom
10:25 Feudal Age
13:19 Double-Bit Axe
21:49 Castle Age
20:20 Fletching
20:32 Padded Archer Armor
23:11 Bow Saw
23:28 Bodkin Arrow
24:19 Ballistics
25:10 Leather Archer Armor
26:15 Gold Mining
27:10 Fortified Wall
30:59 Wheelbarrow
30:26 Murder Holes
33:54 Yeomen
42:13 Imperial Age
40:01 Hand Cart
40:21 Masonry
41:43 Gold Shaft Mining
42:16 Town Watch
42:21 Elite Longbowman
43:51 Conscription
44:15 Stone Mining
45:04 Ring Archer Armor
45:44 Two-Man Saw
46:51 Bracer
48:01 Chemistry
Connection lost

Rejoining the realm…

Still unreachable

The connection could not be restored.

Session expired

The server has moved on; the page needs a fresh start.